 Dungeon Crawl Stone Soup version 0.31.0-11-ge490571c62 (webtiles) character file.

Game seed: 16992895483196175647

527 Arctor the Magician (level 7, 0/54 HPs)
             Began as a Deep Elf Fire Elementalist on Feb 1, 2024.
             Slain by Duvessa
             ... wielding a +0 short sword
              (2 damage)
             ... on level 5 of the Dungeon.
             The game lasted 00:04:29 (6273 turns).

Arctor the Magician (Deep Elf Fire Elementalist)    Turns: 6273, Time: 00:04:30

Health: 0/54       AC:  6    Str:  5    XL:     7   Next: 3%
Magic:  5/16       EV: 14    Int: 22    God:
Gold:   230        SH:  0    Dex: 15    Spells: 13/16 levels left

rFire   . . .        q - +2 dagger (elec)
rCold   . . .        (no shield)
rNeg    . . .        a - +0 robe
rPois   .            (no helmet)
rElec   .            f - +0 cloak
rCorr   .            o - +2 pair of gloves
SInv    .            (no boots)
Will    .....        (no amulet) Stlth
                     (no ring)
HPRegen 0.29/turn    (no ring)
MPRegen 0.15/turn

%: no passive effects
@: berserking, very quick
A: no striking features
a: no special abilities


You were on level 5 of the Dungeon.
You visited 1 branch of the dungeon, and saw 5 of its levels.

You collected 230 gold pieces.

Inventory:

Hand Weapons
 q - a +2 dagger of electrocution (weapon)
Missiles
 v - 2 throwing nets
Armour
 a - a +0 robe (worn)
 f - a +0 cloak (worn)
 j - a +0 pair of gloves
 o - a +2 pair of gloves (worn)
Magical Staves
 c - a staff of death
 h - a staff of alchemy
Jewellery
 y - a ring of flight
Scrolls
 d - 2 scrolls of teleportation {unknown}
 e - a scroll of butterflies {unknown}
 g - 2 scrolls of torment {unknown}
 l - a scroll of enchant weapon {unknown}
 m - 6 scrolls of identify {unknown}
 p - a scroll of poison {unknown}
 r - a scroll of immolation {unknown}
 s - a scroll of fear {unknown}
Potions
 b - a potion of magic
 n - a potion of heal wounds {unknown}
 t - a potion of ambrosia {unknown}
 u - a potion of attraction {unknown}
 w - a potion of invisibility {unknown}
 x - a potion of resistance {unknown}


   Skills:
 + Level 4.5 Dodging
 + Level 4.9 Stealth
 + Level 5.2 Spellcasting
 + Level 3.5 Conjurations
 + Level 5.0 Fire Magic


You had 13 spell levels left.
You knew the following spells:

 Your Spells              Type           Power      Damage    Failure   Level
a - Foxfire               Conj/Fire      96%        2x1d8     1%          1
b - Scorch                Fire           54%        2d7       1%          2

Your spell library contained the following spells:

 Spells                   Type           Power      Damage    Failure   Level
 Inner Flame              Hex/Fire       16%        N/A       11%         3
 Volatile Blastmotes      Fire/Tloc      32%        2d12      11%         3
 Cigotuvi's Dreadful Rot  Necr/Alch/Air  10%        N/A       16%         2
 Flame Wave               Conj/Fire      24%        2d8       17%         4
 Animate Dead             Necr           5%         N/A       69%         4
 Dispel Undead            Necr           5%         3d7       69%         4
 Martyr's Knell           Necr/Summ      5%         N/A       69%         4
 Summon Lightning Spire   Summ/Air       5%         N/A       69%         4
 Freezing Cloud           Conj/Ice/Air   5%         6-21      86%         5
 Borgnjor's Vile Clutch   Necr/Erth      2%         N/A       95%         5
 Death Channel            Necr           2%         N/A       100%        6


Dungeon Overview and Level Annotations

Branches:
Dungeon (5/15)
 Temple: D:4-7

Altars:
Yredelemnul
The Shining One

Annotations:
D:4 1 runed translucent door
D:5 Duvessa


Message History

You conjure some foxfire!
The foxfire hits Duvessa but does no damage.
Duvessa is lightly wounded.
Duvessa hits you with a +0 short sword. Duvessa hits you with a +0 short sword!
* * * LOW HITPOINT WARNING * * *
Unknown command.
You are too injured to fight recklessly!
Duvessa is nearby!
You are too injured to fight recklessly!
Duvessa is nearby!
Unknown command.
Duvessa is nearby!
Casting: Foxfire (safe; 1% risk of failure)
Confirm with . or Enter, or press ? or * to list all spells.
Flames lash Duvessa but do no damage.
Duvessa is no longer more vulnerable to fire.
The foxfire hits Duvessa but does no damage.
Duvessa is lightly wounded.
The foxfire hits Duvessa but does no damage.
Duvessa is lightly wounded.
The foxfire hits Duvessa.
Duvessa completely resists.
Duvessa is lightly wounded.
Duvessa hits you with a +0 short sword.
* * * LOW HITPOINT WARNING * * *
Okay, then.
Okay, then.
It was a potion of curing.
You feel better. Duvessa hits you with a +0 short sword!
* * * LOW HITPOINT WARNING * * *
Duvessa closely misses you.
It was a potion of berserk rage.
A red film seems to cover your vision as you go berserk!
You feel yourself moving faster!
You feel mighty! Duvessa hits you with a +0 short sword.
* * * LOW HITPOINT WARNING * * *
You are too berserk!
You closely miss Duvessa.
Duvessa is lightly wounded.
Duvessa hits you with a +0 short sword.
You die...

### # ..#
.#
#.##.####
#/.......
#.e..#
#@)..#
#........
........#
###....#.#
...## #
.... #....
#+###


You could see Duvessa (berserk).

Vanquished Creatures
  2 phantoms (D:4)
  Dowan (D:5)
  A bombardier beetle (D:4)
  A jelly (D:4)
  An orc priest (D:4)
  Natasha (twice) (D:4)
  9 adders
  A white imp (D:5)
  3 dart slugs
  A ribbon worm (D:3)
  6 orcs
  5 endoplasms
  4 giant cockroaches
  7 hobgoblins
  3 quokkas
  10 ball pythons
  3 frilled lizards
  14 goblins
  13 kobolds
  7 rats
94 creatures vanquished.

Vanquished Creatures (others)
  627 foxfires
627 creatures vanquished.

Grand Total: 721 creatures vanquished

Notes
Turn   | Place    | Note
-------+----------+-------------------------------------------
     0 | D:1      | Arctor the Deep Elf Fire Elementalist began the quest for
                  | the Orb.
     0 | D:1      | Reached XP level 1. HP: 10/10 MP: 6/6
   231 | D:1      | Found a faded altar of an unknown god.
   394 | D:1      | Reached XP level 2. HP: 13/15 MP: 5/8
  1780 | D:1      | Learned a level 2 spell: Scorch
  1824 | D:2      | Reached XP level 3. HP: 19/19 MP: 3/9
  2506 | D:2      | Reached XP level 4. HP: 18/24 MP: 0/11
  4110 | D:3      | Found a glowing golden altar of the Shining One.
  4682 | D:4      | Reached XP level 5. HP: 28/28 MP: 10/13
  4986 | D:4      | Got the Reference Book on Turbulent Despicable Acts
  5433 | D:4      | Noticed a phantom
  5442 | D:4      | Killed a phantom
  5443 | D:4      | Reached XP level 6. HP: 31/32 MP: 5/15
  5723 | D:4      | Noticed a human
  5731 | D:4      | Found a runed translucent door.
  5944 | D:4      | Noticed Natasha
  5948 | D:4      | Killed Natasha
  5949 | D:4      | Reached skill level 5 in Spellcasting
  6070 | D:4      | Noticed Natasha
  6074 | D:4      | Killed Natasha
  6103 | D:4      | Found a basalt altar of Yredelemnul.
  6209 | D:5      | Entered Level 5 of the Dungeon
  6209 | D:5      | Noticed Dowan
  6211 | D:5      | Noticed Duvessa
  6267 | D:5      | Killed Dowan
  6268 | D:5      | Reached skill level 5 in Fire Magic
  6268 | D:5      | Reached XP level 7. HP: 29/36 MP: 8/16
  6272 | D:5      | HP: 2/54 [Duvessa/+0 short sword (6)]
  6273 | D:5      | Slain by Duvessa

Illustrated notes

Levels and vault maps discovered:
D:1:      tarquinn_simple_flora_water_b, layout_loops_ring,
          shapermc_ecumenical_altar_starsandcircs, nicolae_hexahallways
D:2:      layout_basic
D:3:      layout_loops_ring, mainiacjoe_overflow_chevrons
D:4:      layout_gridville, dk_yredelemnul_ordeal,
          chequers_serial_rivers_small_b, minmay_misc_feat_chi, uniq_natasha
D:5:      layout_loops_corners, grunt_gozag_breadcrumbs, minivault_11,
          uniq_grinder, uniq_duvessa

Skill      XL: |  1  2  3  4  5  6 |
---------------+-------------------+-----
Stealth        | 3 4 |  4.9
Dodging        | 3 4 |  4.5
Conjurations   | 2 3 |  3.5
Fire Magic     | 4 5 |  5.0
Spellcasting   | 4 5 |  5.2

Action                     |  1- 3 |  4- 6 |  7- 9 || total
---------------------------+-------+-------+-------++-------
  Melee: Unarmed           |     5 |       |       ||     5
         Dagger            |       |       |     1 ||     1
   Cast: Foxfire           |   136 |   252 |     2 ||   390
         Scorch            |     3 |     8 |     1 ||    12
    Use: Potion            |       |       |     2 ||     2
 Armour: Robe              |    23 |    19 |     7 ||    49
  Dodge: Dodged            |    19 |    27 |     1 ||    47
